 Dungeon Crawl Stone Soup version 0.22-a0-456-g11ed031 (webtiles) character file.

43 gmonis the Grave Robber (level 3, -4/24 HPs)
             Began as a Demonspawn Necromancer on June 7, 2018.
             Slain by a shadow imp (5 damage)
             ... on level 2 of the Dungeon.
             The game lasted 00:05:40 (1445 turns).

gmonis the Grave Robber (Demonspawn Necromancer)    Turns: 1445, Time: 00:05:40

Health: -4/24      AC:  2    Str:  8    XL:     3   Next: 37%
Magic:  6/6        EV: 12    Int: 17    God:
Gold:   50         SH:  0    Dex: 13    Spells: 4/6 levels left

rFire    . . .     SeeInvis .   (no weapon)
rCold    . . .     Gourm    .   (no shield)
rNeg     . . .     Faith    .   a - +0 robe
rPois    .         Spirit   .   (no helmet)
rElec    .         Reflect  .   (no cloak)
rCorr    .         Harm     .   (no gloves)
MR       .....                  (no boots)
Stlth    ++........             (no amulet)
HPRegen  0.08/turn              (no ring)
MPRegen  0.10/turn              (no ring)

@: no status effects
A: demonic guardian 1
a: no special abilities


You were on level 2 of the Dungeon.
You were not hungry.

You visited 1 branch of the dungeon, and saw 2 of its levels.

You collected 50 gold pieces.

Inventory:

Missiles
 g - 23 stones (quivered)
Armour
 a - a +0 robe (worn)
Jewellery
 h - a +5 ring of strength {unknown}
Scrolls
 b - 3 scrolls of identify {unknown}
 d - a scroll of teleportation {unknown}
 f - a scroll of fear {unknown}
Potions
 e - 2 potions of curing {unknown}
Comestibles
 c - a ration


   Skills:
 + Level 2.1 Dodging
 - Level 1.9 Stealth
 + Level 2.2 Spellcasting
 * Level 5.3 Necromancy


You had 4 spell levels left.
You knew the following spells:

 Your Spells              Type           Power        Failure   Level  Hunger
a - Pain                  Necr           ###.         2%          1    #......
b - Animate Skeleton      Necr           N/A          2%          1    #......

Your spell library contained the following spells:

 Spells                   Type           Power        Failure   Level  Hunger
 Animate Dead             Necr           N/A          22%         4    #####..
 Vampiric Draining        Necr           ###.......   6%          3    ###....
 Regeneration             Chrm/Necr      ##........   19%         3    ###....


Dungeon Overview and Level Annotations

Branches:
Dungeon (2/15)

Altars:


Innate Abilities, Weirdness & Mutations

A weak demonic guardian rushes to your aid.


Message History

The shadow imp gestures at you.
You barely resist.
You hit the shadow imp but do no damage.
The shadow imp is moderately wounded.
The adder bites you.
* * * LOW HITPOINT WARNING * * *
The shadow imp barely misses you.
You hit the shadow imp but do no damage.
The shadow imp is lightly wounded.
The adder barely misses you. The shadow imp hits you.
* * * LOW HITPOINT WARNING * * *
You hit the shadow imp but do no damage.
The shadow imp is lightly wounded.
The adder bites you.
* * * LOW HITPOINT WARNING * * *
The shadow imp barely misses you. The adder closely misses you.
You closely miss the shadow imp.
The shadow imp is lightly wounded.
The adder bites you but does no damage. The shadow imp hits you.
You die...

### #.#######
#.......# #.#####.#
#.# #.# #.# #5#
######.#####@#
#.........#.5S....#
#.........#.......#
#.........+.......#
####....####.....[.#
#..+....# #.........
#.##....# #.......#.
#.#...#.# #####+#<#
####.#.#.#...


You could see an adder, a shadow imp and a friendly iron imp.

Vanquished Creatures
  2 adders (D:2)
  A dart slug (D:1)
  2 leopard geckos
  2 giant cockroaches (D:1)
  2 goblins (D:1)
  A hobgoblin (D:1)
  2 kobolds
  3 bats (D:1)
  2 frilled lizards
  7 rats (D:1)
24 creatures vanquished.

Notes
Turn   | Place    | Note
-------+----------+-------------------------------------------
     0 | D:1      | gmonis the Demonspawn Necromancer began the quest for the Orb.
     0 | D:1      | Reached XP level 1. HP: 13/13 MP: 3/3
   304 | D:1      | Gained mutation: A weak demonic guardian rushes to your aid. [demonic ancestry]
   304 | D:1      | Reached XP level 2. HP: 10/19 MP: 0/5
   712 | D:1      | Reached skill level 5 in Necromancy
   782 | D:1      | Learned a level 1 spell: Animate Skeleton
  1147 | D:2      | Reached XP level 3. HP: 22/24 MP: 2/6
  1444 | D:2      | HP: 1/24 [adder (3)]
  1445 | D:2      | Slain by a shadow imp

Vault maps used:
D:1:      matt_arrival_diagonals
D:2:      mumra_celtic_spiral_tile, makhleb_altar_promises_db,
          minmay_misc_feat_nine_boxes, minivault_23, bh_walls_and_bars

Skill      XL: |  1  2 |
---------------+-------+-----
Necromancy     | 5 |  5.3
Dodging        | 2 |  2.1
Stealth        | |  1.9
Spellcasting   | |  2.2

Action                   || total
-------------------------++-------
Melee: Unarmed           ||    28
 Cast: Pain              ||    43
  Eat: Chunk             ||     2
Armor: Robe              ||     7
Dodge: Dodged            ||    22

Table legend:
 A = Spawn XP
 B = Non-spawn XP
 C = Spawn XP percentage of total XP
 D = Spawn monster count
 E = Non-spawn monster count
 F = Spawn count percentage of total count
 G = Total turns spent on level
                    A         B        C        D         E        F      G
               +---------+---------+-------+---------+---------+-------+---------
         Total |       0 |      62 |   0.0 |       0 |      24 |   0.0 |  1445
               +---------+---------+-------+---------+---------+-------+---------
           D:1 |       0 |      29 |   0.0 |       0 |      19 |   0.0 |  1126
           D:2 |       0 |      33 |   0.0 |       0 |       5 |   0.0 |   319
               +---------+---------+-------+---------+---------+-------+---------
